Lightning vs Ducks

Created - Tuesday, December 08, 2015 at 03:32

Goals
1 2 3 OT1 T
Lightning 2 1 0 1 4
Ducks 2 1 0 0 3
Shots
1 2 3 OT1 T
Lightning 11 4 10 3 28
Ducks 12 13 5 0 30

1st period

1. Lightning , Dave Bolland 3 (Alex Chiasson, Tyson Barrie) at 12:05
2. Lightning , Tyson Barrie 4 (Ryan Nugent-Hopkins, Dmitry Kulikov) at 17:20 (PP)
3. Ducks , Nick Foligno 4 (Antoine Vermette) at 18:41
4. Ducks , Nick Foligno 5 (Henrik Sedin, Patrick Kane) at 18:55

Penalties :
Tyler Bozak (Ana) for Roughing (Minor) at 2:35, Derek MacKenzie (TB ) for Hooking (Minor) at 6:06, Drew Miller (Ana) for Slashing (Minor) at 8:50, Michael Stone (TB ) for Hooking (Minor) at 14:05, Nick Foligno (Ana) for Close Hand On Puck (Minor) at 15:28, Marc Methot (TB ) for Interference (Minor) at 19:04

2nd period

5. Ducks , Jonathan Huberdeau 9 (Nikita Kucherov, Matthew Carle) at 6:57
6. Lightning , Jiri Tlusty 1 (Ryan Strome, Ryan Suter) at 19:10 (PP)

Penalties :
Dmitry Kulikov (TB ) for Tripping (Minor) at 1:23, Nick Foligno (Ana) for Hooking (Minor) at 4:16, Christian Folin (Ana) for Hooking (Minor) at 7:42, Dave Bolland (TB ) for Holding Stick (Minor) at 12:26, Korbinian Holzer (Ana) for Hooking (Minor) at 18:46, Tyson Barrie (TB ) for Hooking (Minor) at 19:41

3rd period

No Goal

Penalties :
Ryan Suter (TB ) for Roughing (Minor) at 8:41, Jiri Tlusty (TB ) for Tripping (Minor) at 11:15

Overtime #1

7. Lightning , John Mitchell 3 (Ryan Suter, Ondrej Palat) at 0:33

Penalties :
No Penalty

Goalie Stats

Carey Price (TB ), 27 saves from 30 shots - (0.900), W, 12-6-3, 60:33 minutes
Jonathan Bernier (Ana), 24 saves from 28 shots - (0.857), OTL, 12-6-8, 60:33 minutes

Players Stats for Lightning

Player Name              G  A  P  +/- PIM S  H  SB GA TA FO     MP     PP MP  PK MP  
------------------------------------------------------------------------------------
Alex Chiasson            0  1  1   0  0   3  1  0  1  0  0/1     8:01   0:00   0:00 
Ben Smith                0  0  0  -1  0   0  0  0  2  0  0/0    15:02   0:00   7:38 
Dave Bolland             1  0  1   0  2   2  1  1  1  0  4/10   15:15   0:00   6:28 
Derek MacKenzie          0  0  0  -1  2   1  0  0  1  0  1/6    13:31   0:00   6:00 
Dmitry Kulikov           0  1  1  -1  2   1  2  1  0  1  0/0    16:40   3:58   0:55 
Jiri Tlusty              1  0  1   0  2   3  1  1  3  0  1/1    15:02   4:22   0:00 
John Mitchell            1  0  1   1  0   2  0  0  0  0  5/14   14:52   4:22   0:00 
Leo Komarov              0  0  0  -1  0   1  0  1  0  1  1/2    15:19   0:00   7:48 
Marc Methot              0  0  0  -1  2   0  0  1  0  1  0/0    22:12   3:47   6:38 
Michael Stone            0  0  0  -1  2   0  0  1  0  0  0/0    18:33   0:18   6:25 
Ondrej Palat             0  1  1   0  0   1  4  0  1  0  0/1    14:40   4:56   0:38 
Patric Hornqvist         0  0  0  -1  0   0  1  0  0  0  0/1    13:39   5:14   0:00 
Roman Polak              0  0  0  -1  0   0  0  2  0  0  0/0    20:29   0:00   8:38 
Ryan Nugent-Hopkins      0  1  1  -1  0   7  1  0  4  0  4/15   16:33   5:14   2:00 
Ryan Strome              0  1  1   0  0   2  1  0  2  0  0/0    14:19   4:22   0:00 
Ryan Suter               0  2  2   1  2   3  4  1  0  2  0/0    25:52   5:38   7:56 
Shawn Matthias           0  0  0   0  0   0  1  0  1  1  0/0     8:01   0:00   0:00 
Tyson Barrie             1  1  2   1  2   2  0  0  0  1  0/0    18:12   5:49   0:00 

Players Stats for Ducks

Player Name              G  A  P  +/- PIM S  H  SB GA TA FO     MP     PP MP  PK MP  
------------------------------------------------------------------------------------
Andrew MacWilliam        0  0  0  -1  0   2  2  1  0  2  0/0    24:33   9:17   5:01 
Antoine Vermette         0  1  1   1  0   1  1  0  0  2  12/15  13:46   0:02   6:46 
Blake Comeau             0  0  0   1  0   1  2  0  0  0  1/1     9:27   0:02   3:44 
Brad Richardson          0  0  0   0  0   2  1  0  1  0  0/0    11:19   0:00   0:00 
Brett Bellemore          0  0  0   2  0   0  0  0  0  0  0/0     4:17   0:00   0:00 
Christian Folin          0  0  0   1  2   1  0  0  0  0  0/0    10:53   0:00   0:00 
Drew Miller              0  0  0  -1  2   3  0  1  0  1  0/1    13:14   0:02   0:00 
Henrik Sedin             0  1  1   0  0   2  0  0  0  0  7/13   19:08   8:22   2:16 
James Wisniewski         0  0  0   1  0   2  0  1  0  0  0/0    23:17   5:59   5:51 
Jean-Gabriel Pageau      0  0  0   0  0   1  1  0  1  1  6/8    11:19   0:00   0:00 
Johnny Boychuk           0  0  0   0  0   2  0  1  0  1  0/0    28:25   9:17   3:45 
Jonathan Huberdeau       1  0  1   0  0   1  0  0  1  0  1/3    17:10   6:52   0:34 
Korbinian Holzer         0  0  0   0  2   0  0  1  0  1  0/0    13:32   0:00   4:35 
Matthew Carle            0  1  1  -1  0   0  1  3  0  0  0/0    16:26   5:59   0:00 
Nick Foligno             2  0  2   2  4   5  2  0  5  0  0/1    18:59   8:21   0:00 
Nikita Kucherov          0  1  1   1  0   3  1  0  4  0  0/0    16:15   6:52   0:00 
Patrick Kane             0  1  1   0  0   4  1  0  3  0  3/3    21:37   8:22   4:25 
Tyler Bozak              0  0  0   0  2   0  4  0  0  0  5/6    18:17   6:52   1:27 

3 Stars

1 - Nick Foligno (Ana)
2 - Ryan Suter (TB )
3 - Tyson Barrie (TB )

Power Play

Lightning - 2 on 6 Attempt(s) - 33.33%
Ducks - 0 on 8 Attempt(s) - 0.00%

Penalty Kill

Lightning - 8 on 8 Attempt(s) - 100.00% - Score 0 goal in Penalty Kill
Ducks - 4 on 6 Attempt(s) - 66.67% - Score 0 goal in Penalty Kill

Team Stat

Lightning - Hits : 17 - Faceoff Wins : 16 - Blocked Shots : 9 - Penalty Minutes : 16
Ducks - Hits : 16 - Faceoff Wins : 35 - Blocked Shots : 8 - Penalty Minutes : 12

Official

Referees : Unknown
Linesman : Unknown

Game Notes

No Game Note

Finance

Level 1 -- Attendance: 4756 (79.27%) -- Ticket Income $451,820
Level 2 -- Attendance: 4866 (97.32%) -- Ticket Income $243,300
Level 3 -- Attendance: 1838 (91.90%) -- Ticket Income $55,140
Level 4 -- Attendance: 4000 (100.00%) -- Ticket Income $72,000
Luxury Box -- Attendance: 836 (83.60%) -- Ticket Income $154,660
Game was played at the Honda Center.
Total Attendance: 16296 (90.53%)
Total Ticket Income: $976,920
Other Income: $478,691
Total Income: $1,455,611

Lightning

5 vs 5 Forward 
   Center                   Left Wing                Right Wing               Time % Phy DF OF 
 1 Ryan Nugent-Hopkins      Ondrej Palat             Patric Hornqvist         30     0   2  3  
 2 John Mitchell            Jiri Tlusty              Ryan Strome              30     1   2  2  
 3 Dave Bolland             Shawn Matthias           Alex Chiasson            20     1   2  2  
 4 Derek MacKenzie          Ben Smith                Leo Komarov              20     1   2  2  

5 vs 5 Defense 
   Defense                  Defense                                           Time % Phy DF OF 
 1 Ryan Suter               Tyson Barrie                                      34     1   2  2  
 2 Dmitry Kulikov           Marc Methot                                       33     1   2  2  
 3 Roman Polak              Michael Stone                                     33     1   2  2  
 4 Ryan Suter               Tyson Barrie                                      0      1   2  2  

PowerPlay Forward 
   Center                   Left Wing                Right Wing               Time % Phy DF OF 
 1 Ryan Nugent-Hopkins      Ondrej Palat             Patric Hornqvist         50     0   1  4  
 2 John Mitchell            Jiri Tlusty              Ryan Strome              50     1   1  3  

PowerPlay Defense
   Defense                  Defense                                           Time % Phy DF OF 
 1 Ryan Suter               Tyson Barrie                                      60     1   2  2  
 2 Dmitry Kulikov           Marc Methot                                       40     1   2  2  

Penalty Kill 4 Players Forward 
   Center                   Wing                     Time % Phy DF OF 
 1 Derek MacKenzie          Leo Komarov              50     1   4  0  
 2 Dave Bolland             Ben Smith                50     1   4  0  

Penalty Kill 4 Players Defense
   Defense                  Defense                  Time % Phy DF OF 
 1 Roman Polak              Michael Stone            50     1   4  0  
 2 Ryan Suter               Marc Methot              50     1   4  0  

Penalty Kill - 3 Players Forward 
   Forward                                           Time % Phy DF OF 
 1 Derek MacKenzie                                   50     1   4  0  
 2 Dave Bolland                                      50     1   4  0  

Penalty Kill - 3 Players Defense
   Defense                  Defense                  Time % Phy DF OF 
 1 Roman Polak              Michael Stone            50     1   4  0  
 2 Ryan Suter               Marc Methot              50     1   4  0  

4 vs 4 Forward 
   Center                   Wing                     Time % Phy DF OF 
 1 Ryan Nugent-Hopkins      Patric Hornqvist         50     1   2  2  
 2 John Mitchell            Ondrej Palat             50     1   2  2  

4 vs 4 Defense
   Defense                  Defense                  Time % Phy DF OF 
 1 Ryan Suter               Tyson Barrie             50     1   2  2  
 2 Dmitry Kulikov           Marc Methot              50     1   2  2  

Last Minutes Offensive
   Center                   Left Wing                Right Wing               Defense                  Defense                  
   Ryan Nugent-Hopkins      Ondrej Palat             Patric Hornqvist         Ryan Suter               Tyson Barrie             

Last Minutes Defensive
   Center                   Left Wing                Right Wing               Defense                  Defense                  
   Dave Bolland             Ben Smith                Leo Komarov              Ryan Suter               Roman Polak              

Goaltenders
Starting : Carey Price              
Backup : Mike Smith               

Extra Forwards
Normal : Ryan Nugent-Hopkins, Patric Hornqvist, Ondrej Palat - PP : Ryan Nugent-Hopkins, Patric Hornqvist - PK : Leo Komarov
Extra Defensemen
Normal : Ryan Suter, Dmitry Kulikov, Marc Methot - PP : Ryan Suter - PK : Roman Polak, Ryan Suter
Penalty Shots
Derek MacKenzie, Ben Smith, Ryan Strome, Dave Bolland, Ryan Nugent-Hopkins

Ducks

5 vs 5 Forward 
   Center                   Left Wing                Right Wing               Time % Phy DF OF 
 1 Henrik Sedin             Nick Foligno             Patrick Kane             36     1   2  2  
 2 Tyler Bozak              Jonathan Huberdeau       Nikita Kucherov          30     1   2  2  
 3 Antoine Vermette         Blake Comeau             Nick Foligno             21     1   2  2  
 4 Jean-Gabriel Pageau      Brad Richardson          Drew Miller              13     1   2  2  

5 vs 5 Defense 
   Defense                  Defense                                           Time % Phy DF OF 
 1 Johnny Boychuk           Andrew MacWilliam                                 35     1   2  2  
 2 James Wisniewski         Christian Folin                                   30     1   2  2  
 3 Korbinian Holzer         Matthew Carle                                     22     1   2  2  
 4 Johnny Boychuk           Brett Bellemore                                   13     1   2  2  

PowerPlay Forward 
   Center                   Left Wing                Right Wing               Time % Phy DF OF 
 1 Henrik Sedin             Nick Foligno             Patrick Kane             60     1   2  2  
 2 Tyler Bozak              Jonathan Huberdeau       Nikita Kucherov          40     1   2  2  

PowerPlay Defense
   Defense                  Defense                                           Time % Phy DF OF 
 1 Johnny Boychuk           Andrew MacWilliam                                 60     1   2  2  
 2 James Wisniewski         Matthew Carle                                     40     1   2  2  

Penalty Kill 4 Players Forward 
   Center                   Wing                     Time % Phy DF OF 
 1 Antoine Vermette         Patrick Kane             60     1   2  2  
 2 Henrik Sedin             Tyler Bozak              40     1   2  2  

Penalty Kill 4 Players Defense
   Defense                  Defense                  Time % Phy DF OF 
 1 Johnny Boychuk           Andrew MacWilliam        60     1   2  2  
 2 James Wisniewski         Korbinian Holzer         40     1   2  2  

Penalty Kill - 3 Players Forward 
   Forward                                           Time % Phy DF OF 
 1 Henrik Sedin                                      60     1   2  2  
 2 Patrick Kane                                      40     1   2  2  

Penalty Kill - 3 Players Defense
   Defense                  Defense                  Time % Phy DF OF 
 1 Johnny Boychuk           Korbinian Holzer         60     1   2  2  
 2 James Wisniewski         Andrew MacWilliam        40     1   2  2  

4 vs 4 Forward 
   Center                   Wing                     Time % Phy DF OF 
 1 Jonathan Huberdeau       Patrick Kane             60     1   2  2  
 2 Henrik Sedin             Tyler Bozak              40     1   2  2  

4 vs 4 Defense
   Defense                  Defense                  Time % Phy DF OF 
 1 Johnny Boychuk           Matthew Carle            60     1   2  2  
 2 James Wisniewski         Andrew MacWilliam        40     1   2  2  

Last Minutes Offensive
   Center                   Left Wing                Right Wing               Defense                  Defense                  
   Nick Foligno             Jonathan Huberdeau       Patrick Kane             Johnny Boychuk           Andrew MacWilliam        

Last Minutes Defensive
   Center                   Left Wing                Right Wing               Defense                  Defense                  
   Nick Foligno             Jonathan Huberdeau       Patrick Kane             Johnny Boychuk           Andrew MacWilliam        

Goaltenders
Starting : Jonathan Bernier         
Backup : Jhonas Enroth            

Extra Forwards
Normal : Antoine Vermette, Blake Comeau, Patrick Kane - PP : Antoine Vermette, Blake Comeau - PK : Patrick Kane
Extra Defensemen
Normal : Andrew MacWilliam, Johnny Boychuk, James Wisniewski - PP : Johnny Boychuk - PK : Johnny Boychuk, James Wisniewski
Penalty Shots
Nick Foligno, Patrick Kane, Henrik Sedin, Tyler Bozak, Antoine Vermette

% Time on Ice - Lightning

Lines # - Real PCT - Wanted PCT - Time Play
Normal Forward
1 - 27% - 30% - 9:10
2 - 30% - 30% - 10:27
3 - 23% - 20% - 8:01
4 - 20% - 20% - 6:54
Normal Defense
1 - 38% - 34% - 13:13
2 - 32% - 33% - 11:02
3 - 30% - 33% - 10:17
4 - 0% - 0% - 0:00
PP Forward
1 - 55% - 50% - 5:14
2 - 45% - 50% - 4:22
PP Defense
1 - 61% - 60% - 5:49
2 - 39% - 40% - 3:47
PK Forward
1 - 47% - 50% - 7:15
2 - 53% - 50% - 8:01
PK Defense
1 - 51% - 50% - 7:48
2 - 49% - 50% - 7:28
PK3 Forward
1 - 0% - 50%
2 - 0% - 50%
PK3 Defense
1 - 0% - 50%
2 - 0% - 50%
44 Forward
1 - 52% - 50% - 0:36
2 - 48% - 50% - 0:33
44 Defense
1 - 48% - 50% - 0:33
2 - 52% - 50% - 0:36
Last Minute Offensive  - 0:00
Last Minute Defensive  - 0:00
Total
Forward - 60:33
Defense - 60:33

% Time on Ice - Ducks

Lines # - Real PCT - Wanted PCT - Time Play
Normal Forward
1 - 24% - 36% - 8:26
2 - 29% - 30% - 9:51
3 - 14% - 21% - 4:56
4 - 33% - 13% - 11:19
Normal Defense
1 - 29% - 35% - 10:06
2 - 33% - 30% - 11:18
3 - 26% - 22% - 8:51
4 - 12% - 13% - 4:17
PP Forward
1 - 55% - 60% - 8:24
2 - 45% - 40% - 6:52
PP Defense
1 - 61% - 60% - 9:17
2 - 39% - 40% - 5:59
PK Forward
1 - 76% - 60% - 7:20
2 - 24% - 40% - 2:16
PK Defense
1 - 39% - 60% - 3:45
2 - 61% - 40% - 5:51
PK3 Forward
1 - 0% - 60%
2 - 0% - 40%
PK3 Defense
1 - 0% - 60%
2 - 0% - 40%
44 Forward
1 - 100% - 60% - 1:09
2 - 0% - 40% - 0:00
44 Defense
1 - 87% - 60% - 1:00
2 - 13% - 40% - 0:09
Last Minute Offensive  - 0:00
Last Minute Defensive  - 0:00
Total
Forward - 60:33
Defense - 60:33

Play by Play

1st period


0:01 of 1st period - Henrik Sedin wins face-off versus Ryan Nugent-Hopkins in neutral zone.
0:20 of 1st period - Snap shot by Ryan Nugent-Hopkins.
0:20 of 1st period - Stopped by Jonathan Bernier with a rebound.
1:10 of 1st period - Slapshot by Nikita Kucherov.
1:10 of 1st period - Stopped by Carey Price without a rebound.
1:11 of 1st period - Jean-Gabriel Pageau wins face-off versus Dave Bolland in Lightning zone.
1:12 of 1st period - Slapshot by James Wisniewski.
1:12 of 1st period - Shot Misses the Net.
1:58 of 1st period - Jonathan Huberdeau is hit by Dmitry Kulikov and loses puck.
2:27 of 1st period - Wrist shot by Leo Komarov.
2:27 of 1st period - Stopped by Jonathan Bernier with a rebound.
2:29 of 1st period - Backhand shot by Leo Komarov.
2:29 of 1st period - Shot Misses the Net.
2:35 of 1st period - Minor Penalty to Tyler Bozak for Roughing.
2:36 of 1st period - Antoine Vermette wins face-off versus Patric Hornqvist in Ducks zone.
3:08 of 1st period - Slapshot by Ryan Nugent-Hopkins.
3:08 of 1st period - Stopped by Jonathan Bernier with a rebound.
3:36 of 1st period - Wrist shot by Jiri Tlusty.
3:36 of 1st period - Deflect By John Mitchell.
3:36 of 1st period - Shot Blocked by Johnny Boychuk.
3:36 of 1st period - Puck is out of play.
3:37 of 1st period - Antoine Vermette wins face-off versus John Mitchell in Ducks zone.
4:09 of 1st period - Backhand shot by Ryan Strome.
4:09 of 1st period - Stopped by Jonathan Bernier with a rebound.
4:11 of 1st period - Slapshot by Marc Methot.
4:11 of 1st period - Shot Misses the Net.
4:33 of 1st period - Slapshot by Antoine Vermette.
4:33 of 1st period - Shot Misses the Net.
4:35 of 1st period - Penalty to Tyler Bozak is over, Tyler Bozak is back on ice.
5:09 of 1st period - Snap shot by Jean-Gabriel Pageau.
5:09 of 1st period - Shot Blocked by Dave Bolland.
5:11 of 1st period - Snap shot by Johnny Boychuk.
5:11 of 1st period - Deflect By Alex Chiasson.
5:11 of 1st period - Stopped by Carey Price with a rebound.
5:13 of 1st period - Snap shot by Brett Bellemore.
5:13 of 1st period - Shot Misses the Net.
5:15 of 1st period - Slapshot by Drew Miller.
5:15 of 1st period - Shot Blocked by Roman Polak.
5:17 of 1st period - Wrist shot by Drew Miller.
5:17 of 1st period - Shot Blocked by Michael Stone.
5:19 of 1st period - Slapshot by Drew Miller.
5:19 of 1st period - Shot Blocked by Roman Polak.
5:47 of 1st period - Ryan Suter is hit by Tyler Bozak and loses puck.
6:00 of 1st period - Snap shot by Jonathan Huberdeau.
6:00 of 1st period - Shot Misses the Net.
6:06 of 1st period - Minor Penalty to Derek MacKenzie for Hooking.
6:07 of 1st period - Ryan Nugent-Hopkins wins face-off versus Henrik Sedin in Lightning zone.
7:06 of 1st period - Matthew Carle is hit by Ryan Suter and loses puck.
8:06 of 1st period - Penalty to Derek MacKenzie is over, Derek MacKenzie is back on ice.
8:50 of 1st period - Minor Penalty to Drew Miller for Slashing.
8:51 of 1st period - Antoine Vermette wins face-off versus Ryan Nugent-Hopkins in Ducks zone.
8:51 of 1st period - Antoine Vermette is hit by Patric Hornqvist.
9:09 of 1st period - Patric Hornqvist is hit by Blake Comeau.
9:41 of 1st period - Snap shot by Blake Comeau.
9:41 of 1st period - Stopped by Carey Price without a rebound.
9:42 of 1st period - Antoine Vermette wins face-off versus John Mitchell in Lightning zone.
9:57 of 1st period - Snap shot by Antoine Vermette.
9:57 of 1st period - Stopped by Carey Price with a rebound.
10:29 of 1st period - Patric Hornqvist is hit by Blake Comeau and loses puck.
10:50 of 1st period - Penalty to Drew Miller is over, Drew Miller is back on ice.
11:26 of 1st period - Backhand shot by Leo Komarov.
11:26 of 1st period - Shot Blocked by Drew Miller.
11:28 of 1st period - Wrist shot by Derek MacKenzie.
11:28 of 1st period - Stopped by Jonathan Bernier with a rebound.
12:03 of 1st period - Slapshot by Tyson Barrie.
12:03 of 1st period - Deflect By Alex Chiasson.
12:03 of 1st period - Stopped by Jonathan Bernier with a rebound.
12:05 of 1st period - Wrist shot by Dave Bolland.
12:05 of 1st period - Goal by Dave Bolland - Lightning : 1 - Ducks : 0.
12:06 of 1st period - Blake Comeau wins face-off versus Ryan Nugent-Hopkins in neutral zone.
12:13 of 1st period - Wrist shot by Nick Foligno.
12:13 of 1st period - Stopped by Carey Price without a rebound.
12:14 of 1st period - Antoine Vermette wins face-off versus Ryan Nugent-Hopkins in Lightning zone.
12:54 of 1st period - Snap shot by Brad Richardson.
12:54 of 1st period - Stopped by Carey Price with a rebound.
12:56 of 1st period - Slapshot by Christian Folin.
12:56 of 1st period - Stopped by Carey Price without a rebound.
12:57 of 1st period - Jean-Gabriel Pageau wins face-off versus John Mitchell in Lightning zone.
13:17 of 1st period - Wrist shot by Jiri Tlusty.
13:17 of 1st period - Stopped by Jonathan Bernier with a rebound.
13:46 of 1st period - Off-side.
13:47 of 1st period - Tyler Bozak wins face-off versus Derek MacKenzie in neutral zone.
14:05 of 1st period - Minor Penalty to Michael Stone for Hooking.
14:06 of 1st period - Dave Bolland wins face-off versus Henrik Sedin in Lightning zone.
14:22 of 1st period - Wrist shot by Henrik Sedin.
14:22 of 1st period - Shot Blocked by Leo Komarov.
14:32 of 1st period - Wrist shot by Nick Foligno.
14:32 of 1st period - Shot Misses the Net.
15:28 of 1st period - Minor Penalty to Nick Foligno for Close Hand On Puck.
15:29 of 1st period - Ryan Nugent-Hopkins wins face-off versus Jonathan Huberdeau in Ducks zone.
15:30 of 1st period - Snap shot by Patric Hornqvist.
15:30 of 1st period - Shot Blocked by Matthew Carle.
15:32 of 1st period - Wrist shot by Ryan Nugent-Hopkins.
15:32 of 1st period - Stopped by Jonathan Bernier with a rebound.
16:05 of 1st period - Penalty to Michael Stone is over, Michael Stone is back on ice.
17:11 of 1st period - Dmitry Kulikov is hit by Antoine Vermette and loses puck.
17:20 of 1st period - Wrist shot by Tyson Barrie.
17:20 of 1st period - Goal by Tyson Barrie - Lightning : 2 - Ducks : 0.
17:21 of 1st period - Jean-Gabriel Pageau wins face-off versus Dave Bolland in neutral zone.
17:36 of 1st period - Snap shot by Jean-Gabriel Pageau.
17:36 of 1st period - Stopped by Carey Price with a rebound.
17:55 of 1st period - Wrist shot by Alex Chiasson.
17:55 of 1st period - Stopped by Jonathan Bernier with a rebound.
17:57 of 1st period - Slapshot by Roman Polak.
17:57 of 1st period - Shot Blocked by Matthew Carle.
18:27 of 1st period - Snap shot by Antoine Vermette.
18:27 of 1st period - Shot Misses the Net.
18:29 of 1st period - Wrist shot by Nick Foligno.
18:29 of 1st period - Shot Misses the Net.
18:39 of 1st period - Wrist shot by Nick Foligno.
18:39 of 1st period - Stopped by Carey Price with a rebound.
18:41 of 1st period - Wrist shot by Nick Foligno.
18:41 of 1st period - Deflect By Michael Stone.
18:41 of 1st period - Goal by Nick Foligno - Lightning : 2 - Ducks : 1.
18:42 of 1st period - Henrik Sedin wins face-off versus Ryan Nugent-Hopkins in neutral zone.
18:45 of 1st period - Snap shot by Nick Foligno.
18:45 of 1st period - Stopped by Carey Price without a rebound.
18:46 of 1st period - Henrik Sedin wins face-off versus Ryan Nugent-Hopkins in Lightning zone.
18:53 of 1st period - Snap shot by Henrik Sedin.
18:53 of 1st period - Shot Misses the Net.
18:55 of 1st period - Snap shot by Nick Foligno.
18:55 of 1st period - Goal by Nick Foligno - Lightning : 2 - Ducks : 2.
18:56 of 1st period - Patrick Kane wins face-off versus Ondrej Palat in neutral zone.
19:04 of 1st period - Minor Penalty to Marc Methot for Interference.
19:05 of 1st period - Dave Bolland wins face-off versus Henrik Sedin in Lightning zone.
Goals for this period are 2 for Lightning vs 2 for Ducks.
Shots for this period are 11 for Lightning vs 12 for Ducks.

2nd period


0:01 of 2nd period - Patrick Kane wins face-off versus Dave Bolland in neutral zone.
1:04 of 2nd period - Penalty to Marc Methot is over, Marc Methot is back on ice.
1:16 of 2nd period - Wrist shot by Leo Komarov.
1:16 of 2nd period - Shot Hit the Post.
1:23 of 2nd period - Minor Penalty to Dmitry Kulikov for Tripping.
1:24 of 2nd period - Dave Bolland wins face-off versus Henrik Sedin in Lightning zone.
2:12 of 2nd period - Marc Methot is hit by Tyler Bozak and loses puck.
2:33 of 2nd period - Snap shot by Patrick Kane.
2:33 of 2nd period - Stopped by Carey Price with a rebound.
2:35 of 2nd period - Slapshot by Andrew MacWilliam.
2:35 of 2nd period - Stopped by Carey Price with a rebound.
3:05 of 2nd period - Snap shot by Derek MacKenzie.
3:05 of 2nd period - Shot Misses the Net.
3:23 of 2nd period - Penalty to Dmitry Kulikov is over, Dmitry Kulikov is back on ice.
3:40 of 2nd period - Snap shot by Ryan Suter.
3:40 of 2nd period - Shot Misses the Net.
4:16 of 2nd period - Minor Penalty to Nick Foligno for Hooking.
4:17 of 2nd period - Antoine Vermette wins face-off versus Ryan Nugent-Hopkins in Ducks zone.
4:26 of 2nd period - Blake Comeau is hit by Ryan Nugent-Hopkins and loses puck.
4:39 of 2nd period - Wrist shot by Ryan Nugent-Hopkins.
4:39 of 2nd period - Shot Misses the Net.
4:47 of 2nd period - Slapshot by Ryan Nugent-Hopkins.
4:47 of 2nd period - Shot Misses the Net.
4:49 of 2nd period - Wrist shot by Marc Methot.
4:49 of 2nd period - Shot Blocked by Korbinian Holzer.
4:53 of 2nd period - Wrist shot by Ryan Nugent-Hopkins.
4:53 of 2nd period - Stopped by Jonathan Bernier without a rebound.
4:54 of 2nd period - John Mitchell wins face-off versus Antoine Vermette in Ducks zone.
4:59 of 2nd period - Snap shot by Ryan Strome.
4:59 of 2nd period - Deflect By Jiri Tlusty.
4:59 of 2nd period - Shot Blocked by Andrew MacWilliam.
4:59 of 2nd period - Puck is out of play.
5:00 of 2nd period - John Mitchell wins face-off versus Antoine Vermette in Ducks zone.
5:37 of 2nd period - Wrist shot by Ryan Suter.
5:37 of 2nd period - Shot Misses the Net.
6:11 of 2nd period - Snap shot by Ryan Nugent-Hopkins.
6:11 of 2nd period - Shot Misses the Net.
6:13 of 2nd period - Snap shot by Patric Hornqvist.
6:13 of 2nd period - Shot Misses the Net.
6:16 of 2nd period - Penalty to Nick Foligno is over, Nick Foligno is back on ice.
6:34 of 2nd period - Nikita Kucherov is hit by Alex Chiasson and loses puck.
6:43 of 2nd period - Slapshot by Jonathan Huberdeau.
6:43 of 2nd period - Shot Misses the Net.
6:45 of 2nd period - Backhand shot by Nikita Kucherov.
6:45 of 2nd period - Shot Misses the Net.
6:47 of 2nd period - Slapshot by Korbinian Holzer.
6:47 of 2nd period - Shot Misses the Net.
6:57 of 2nd period - Snap shot by Jonathan Huberdeau.
6:57 of 2nd period - Goal by Jonathan Huberdeau - Lightning : 2 - Ducks : 3.
6:58 of 2nd period - Jean-Gabriel Pageau wins face-off versus John Mitchell in neutral zone.
7:09 of 2nd period - Snap shot by Brad Richardson.
7:09 of 2nd period - Stopped by Carey Price with a rebound.
7:11 of 2nd period - Wrist shot by Drew Miller.
7:11 of 2nd period - Shot Misses the Net.
7:13 of 2nd period - Snap shot by Brad Richardson.
7:13 of 2nd period - Shot Misses the Net.
7:25 of 2nd period - Snap shot by Jean-Gabriel Pageau.
7:25 of 2nd period - Shot Misses the Net.
7:27 of 2nd period - Slapshot by Andrew MacWilliam.
7:27 of 2nd period - Shot Blocked by Marc Methot.
7:29 of 2nd period - Snap shot by Drew Miller.
7:29 of 2nd period - Shot Misses the Net.
7:31 of 2nd period - Slapshot by Brad Richardson.
7:31 of 2nd period - Shot Misses the Net.
7:33 of 2nd period - Snap shot by Drew Miller.
7:33 of 2nd period - Stopped by Carey Price without a rebound.
7:34 of 2nd period - Tyler Bozak wins face-off versus Ryan Nugent-Hopkins in Lightning zone.
7:42 of 2nd period - Minor Penalty to Christian Folin for Hooking.
7:43 of 2nd period - Ryan Nugent-Hopkins wins face-off versus Antoine Vermette in Ducks zone.
8:12 of 2nd period - Snap shot by Ryan Nugent-Hopkins.
8:12 of 2nd period - Stopped by Jonathan Bernier without a rebound.
8:13 of 2nd period - Antoine Vermette wins face-off versus John Mitchell in Ducks zone.
8:24 of 2nd period - Snap shot by Henrik Sedin.
8:24 of 2nd period - Stopped by Carey Price with a rebound.
8:26 of 2nd period - Snap shot by Henrik Sedin.
8:26 of 2nd period - Shot Misses the Net.
8:28 of 2nd period - Slapshot by Johnny Boychuk.
8:28 of 2nd period - Stopped by Carey Price without a rebound.
8:29 of 2nd period - Henrik Sedin wins face-off versus John Mitchell in Lightning zone.
8:46 of 2nd period - Snap shot by Henrik Sedin.
8:46 of 2nd period - Stopped by Carey Price with a rebound.
8:48 of 2nd period - Slapshot by Andrew MacWilliam.
8:48 of 2nd period - Stopped by Carey Price without a rebound.
8:49 of 2nd period - Antoine Vermette wins face-off versus Ryan Nugent-Hopkins in Lightning zone.
8:50 of 2nd period - Snap shot by Patrick Kane.
8:50 of 2nd period - Stopped by Carey Price without a rebound.
8:51 of 2nd period - Antoine Vermette wins face-off versus Ryan Nugent-Hopkins in Lightning zone.
9:02 of 2nd period - James Wisniewski is hit by Ryan Suter and loses puck.
9:42 of 2nd period - Penalty to Christian Folin is over, Christian Folin is back on ice.
10:56 of 2nd period - Icing by Drew Miller.
10:57 of 2nd period - Jean-Gabriel Pageau wins face-off versus Derek MacKenzie in Ducks zone.
11:48 of 2nd period - Off-side.
11:49 of 2nd period - Patrick Kane wins face-off versus Alex Chiasson in neutral zone.
11:53 of 2nd period - Icing by Michael Stone.
11:54 of 2nd period - Antoine Vermette wins face-off versus Dave Bolland in Lightning zone.
12:26 of 2nd period - Minor Penalty to Dave Bolland for Holding Stick.
12:27 of 2nd period - Tyler Bozak wins face-off versus Leo Komarov in Lightning zone.
13:45 of 2nd period - Roman Polak is hit by Nick Foligno and loses puck.
14:26 of 2nd period - Penalty to Dave Bolland is over, Dave Bolland is back on ice.
14:30 of 2nd period - Matthew Carle is hit by Dave Bolland and loses puck.
14:55 of 2nd period - Snap shot by Ryan Strome.
14:55 of 2nd period - Shot Blocked by James Wisniewski.
15:15 of 2nd period - Slapshot by Ryan Suter.
15:15 of 2nd period - Stopped by Jonathan Bernier without a rebound.
15:16 of 2nd period - Antoine Vermette wins face-off versus Dave Bolland in Ducks zone.
15:53 of 2nd period - Slapshot by Alex Chiasson.
15:53 of 2nd period - Shot Misses the Net.
16:14 of 2nd period - Johnny Boychuk is hit by Dmitry Kulikov.
16:23 of 2nd period - Brett Bellemore is hit by Ondrej Palat and loses puck.
17:06 of 2nd period - John Mitchell is hit by Brad Richardson and loses puck.
17:15 of 2nd period - Drew Miller is hit by Ryan Suter and loses puck.
18:12 of 2nd period - Tyler Bozak is hit by Shawn Matthias and loses puck.
18:34 of 2nd period - Roman Polak is hit by Nick Foligno and loses puck.
18:46 of 2nd period - Minor Penalty to Korbinian Holzer for Hooking.
18:47 of 2nd period - Antoine Vermette wins face-off versus John Mitchell in Ducks zone.
19:08 of 2nd period - Slapshot by Jiri Tlusty.
19:08 of 2nd period - Shot Misses the Net.
19:10 of 2nd period - Wrist shot by Jiri Tlusty.
19:10 of 2nd period - Goal by Jiri Tlusty - Lightning : 3 - Ducks : 3.
19:11 of 2nd period - Ryan Nugent-Hopkins wins face-off versus Tyler Bozak in neutral zone.
19:32 of 2nd period - Wrist shot by Nikita Kucherov.
19:32 of 2nd period - Stopped by Carey Price without a rebound.
19:33 of 2nd period - Jean-Gabriel Pageau wins face-off versus John Mitchell in Lightning zone.
19:36 of 2nd period - Snap shot by Brad Richardson.
19:36 of 2nd period - Shot Blocked by Jiri Tlusty.
19:38 of 2nd period - Snap shot by Drew Miller.
19:38 of 2nd period - Stopped by Carey Price without a rebound.
19:39 of 2nd period - John Mitchell wins face-off versus Drew Miller in Lightning zone.
19:41 of 2nd period - Minor Penalty to Tyson Barrie for Hooking.
19:42 of 2nd period - Derek MacKenzie wins face-off versus Henrik Sedin in Lightning zone.
19:58 of 2nd period - Snap shot by Patrick Kane.
19:58 of 2nd period - Stopped by Carey Price without a rebound.
19:59 of 2nd period - Henrik Sedin wins face-off versus Derek MacKenzie in Lightning zone.
Goals for this period are 1 for Lightning vs 1 for Ducks.
Shots for this period are 4 for Lightning vs 13 for Ducks.

3rd period


0:01 of 3rd period - Henrik Sedin wins face-off versus Derek MacKenzie in neutral zone.
1:41 of 3rd period - Penalty to Tyson Barrie is over, Tyson Barrie is back on ice.
3:59 of 3rd period - Korbinian Holzer is hit by Ondrej Palat and loses puck.
4:23 of 3rd period - Slapshot by Ryan Suter.
4:23 of 3rd period - Stopped by Jonathan Bernier with a rebound.
4:25 of 3rd period - Slapshot by Dave Bolland.
4:25 of 3rd period - Stopped by Jonathan Bernier with a rebound.
4:27 of 3rd period - Snap shot by Alex Chiasson.
4:27 of 3rd period - Shot Misses the Net.
4:29 of 3rd period - Wrist shot by Shawn Matthias.
4:29 of 3rd period - Shot Misses the Net.
4:31 of 3rd period - Slapshot by Shawn Matthias.
4:31 of 3rd period - Shot Blocked by Matthew Carle.
4:59 of 3rd period - Snap shot by Nikita Kucherov.
4:59 of 3rd period - Stopped by Carey Price without a rebound.
5:00 of 3rd period - Tyler Bozak wins face-off versus Ryan Nugent-Hopkins in Lightning zone.
6:18 of 3rd period - Wrist shot by Jiri Tlusty.
6:18 of 3rd period - Stopped by Jonathan Bernier with a rebound.
6:20 of 3rd period - Snap shot by John Mitchell.
6:20 of 3rd period - Shot Misses the Net.
6:22 of 3rd period - Slapshot by Dmitry Kulikov.
6:22 of 3rd period - Deflect By Ryan Strome.
6:22 of 3rd period - Stopped by Jonathan Bernier with a rebound.
6:24 of 3rd period - Slapshot by Dmitry Kulikov.
6:24 of 3rd period - Stopped by Jonathan Bernier with a rebound.
6:52 of 3rd period - Snap shot by Antoine Vermette.
6:52 of 3rd period - Shot Blocked by Dmitry Kulikov.
7:21 of 3rd period - Slapshot by Tyson Barrie.
7:21 of 3rd period - Stopped by Jonathan Bernier with a rebound.
7:35 of 3rd period - Matthew Carle is hit by Ryan Suter and loses puck.
8:25 of 3rd period - Snap shot by Nikita Kucherov.
8:25 of 3rd period - Shot Blocked by Ryan Suter.
8:41 of 3rd period - Minor Penalty to Ryan Suter for Roughing.
8:42 of 3rd period - Tyler Bozak wins face-off versus Derek MacKenzie in Lightning zone.
9:13 of 3rd period - Derek MacKenzie is hit by Andrew MacWilliam and loses puck.
10:09 of 3rd period - Dave Bolland is hit by Matthew Carle and loses puck.
10:22 of 3rd period - Marc Methot is hit by Nikita Kucherov and loses puck.
10:41 of 3rd period - Penalty to Ryan Suter is over, Ryan Suter is back on ice.
10:53 of 3rd period - Drew Miller is hit by Jiri Tlusty and loses puck.
11:15 of 3rd period - Minor Penalty to Jiri Tlusty for Tripping.
11:16 of 3rd period - Leo Komarov wins face-off versus Nick Foligno in Lightning zone.
11:34 of 3rd period - Snap shot by Patrick Kane.
11:34 of 3rd period - Stopped by Carey Price without a rebound.
11:35 of 3rd period - Henrik Sedin wins face-off versus Dave Bolland in Lightning zone.
11:58 of 3rd period - Marc Methot is hit by Andrew MacWilliam and loses puck.
12:11 of 3rd period - Ben Smith is hit by Tyler Bozak and loses puck.
13:06 of 3rd period - Roman Polak is hit by Patrick Kane and loses puck.
13:15 of 3rd period - Penalty to Jiri Tlusty is over, Jiri Tlusty is back on ice.
13:19 of 3rd period - James Wisniewski is hit by Ondrej Palat.
13:33 of 3rd period - Slapshot by James Wisniewski.
13:33 of 3rd period - Stopped by Carey Price with a rebound.
13:35 of 3rd period - Snap shot by Drew Miller.
13:35 of 3rd period - Stopped by Carey Price with a rebound.
14:16 of 3rd period - Ryan Suter is hit by Jean-Gabriel Pageau and loses puck.
14:35 of 3rd period - Matthew Carle is hit by Ryan Strome and loses puck.
14:47 of 3rd period - Icing by Jiri Tlusty.
14:48 of 3rd period - John Mitchell wins face-off versus Jean-Gabriel Pageau in Lightning zone.
17:01 of 3rd period - Icing by Tyson Barrie.
17:02 of 3rd period - Dave Bolland wins face-off versus Henrik Sedin in Lightning zone.
17:09 of 3rd period - Snap shot by Alex Chiasson.
17:09 of 3rd period - Stopped by Jonathan Bernier with a rebound.
17:37 of 3rd period - Matthew Carle is hit by Ondrej Palat and loses puck.
18:22 of 3rd period - Slapshot by James Wisniewski.
18:22 of 3rd period - Deflect By Dmitry Kulikov.
18:22 of 3rd period - Stopped by Carey Price without a rebound.
18:23 of 3rd period - Jiri Tlusty wins face-off versus Jean-Gabriel Pageau in Lightning zone.
19:06 of 3rd period - Tyson Barrie is hit by Tyler Bozak and loses puck.
19:31 of 3rd period - Snap shot by Ryan Nugent-Hopkins.
19:31 of 3rd period - Stopped by Jonathan Bernier with a rebound.
19:35 of 3rd period - Wrist shot by Ondrej Palat.
19:35 of 3rd period - Stopped by Jonathan Bernier with a rebound.
19:37 of 3rd period - Snap shot by Ryan Nugent-Hopkins.
19:37 of 3rd period - Stopped by Jonathan Bernier with a rebound.
19:39 of 3rd period - Slapshot by Dmitry Kulikov.
19:39 of 3rd period - Shot Misses the Net.
Goals for this period are 0 for Lightning vs 0 for Ducks.
Shots for this period are 10 for Lightning vs 5 for Ducks.

Overtime #1


0:01 of 1st overtime period - John Mitchell wins face-off versus Jonathan Huberdeau in neutral zone.
0:18 of 1st overtime period - Slapshot by Ryan Suter.
0:18 of 1st overtime period - Deflect By Johnny Boychuk.
0:18 of 1st overtime period - Stopped by Jonathan Bernier without a rebound.
0:19 of 1st overtime period - Jonathan Huberdeau wins face-off versus John Mitchell in Ducks zone.
0:29 of 1st overtime period - Snap shot by John Mitchell.
0:29 of 1st overtime period - Stopped by Jonathan Bernier with a rebound.
0:31 of 1st overtime period - Slapshot by Ryan Suter.
0:31 of 1st overtime period - Shot Misses the Net.
0:33 of 1st overtime period - Snap shot by John Mitchell.
0:33 of 1st overtime period - Goal by John Mitchell - Lightning : 4 - Ducks : 3.
Goals for this period are 1 for Lightning vs 0 for Ducks.
Shots for this period are 3 for Lightning vs 0 for Ducks.